 Dungeon Crawl Stone Soup version 0.32-a0-675-gdc239d62e1 (webtiles) character file.

Game seed: 5881082960134448537

145 zenocrate the Sneak (level 5, -2/24 HPs)
             Began as a Vine Stalker Earth Elementalist on Mar 11, 2024.
             Slain by Pikel
             ... wielding a +0 whip of freezing
              (10 damage)
             ... on level 4 of the Dungeon.
             The game lasted 00:03:22 (2695 turns).

zenocrate the Sneak (VSEE)                          Turns: 2695, Time: 00:03:22

Health: -2/24      AC:  5    Str: 10    XL:     5   Next: 27%
Magic:  0/9        EV: 11    Int: 21    God:
Gold:   153        SH:  0    Dex: 17    Spells: 4/8 levels left

rFire   + . .        b - +2 dagger (vamp)
rCold   . . .        (no shield)
rNeg    . . .        k - +1 leather armour {rF+}
rPois   .            (no helmet)
rElec   .            (no cloak)
rCorr   .            (no gloves)
SInv    .            g - +0 pair of boots
Will    .....        (no amulet)
Stlth   +++          d - +6 ring of intelligence
HPRegen 1.04/turn    (no ring)
MPRegen 0.11/turn

%: guardian spirit
@: no status effects
A: fangs 2, regeneration 1, magic shield, antimagic bite, no potion heal 2
a: no special abilities


You were on level 4 of the Dungeon.
You visited 1 branch of the dungeon, and saw 4 of its levels.

You collected 153 gold pieces.

Inventory:

Hand Weapons
 a - a +0 short sword
 b - a +2 vampiric dagger (weapon)
Armour
 g - a +0 pair of boots (worn)
 h - a +0 kite shield
 k - a +1 leather armour of fire resistance (worn)
Jewellery
 d - a +6 ring of intelligence (left hand)
Scrolls
 e - a scroll of teleportation {unknown}
 l - 2 scrolls of vulnerability
 m - a scroll of enchant weapon {unknown}
 n - 2 scrolls of blinking {unknown}
Potions
 c - 6 potions of curing
 j - 2 potions of magic
 o - a potion of enlightenment
 p - a potion of resistance {unknown}
 q - a potion of degeneration {unknown}


   Skills:
 + Level 2.3 Short Blades
 - Level 1.5 Dodging
 + Level 4.6 Stealth
 - Level 2.1 Spellcasting
 - Level 1.0 Conjurations
 + Level 3.9 Earth Magic


You had 4 spell levels left.
You knew the following spells:

 Your Spells              Type           Power      Damage    Failure   Level
a - Sandblast             Erth           36%        2d10      3%          1
b - Stone Arrow           Conj/Erth      24%        3d8       22%         3

Your spell library contained the following spells:

 Spells                   Type           Power      Damage    Failure   Level
 Passwall                 Erth           18%        N/A       12%         3
 Foxfire                  Conj/Fire      16%        2x1d4     16%         1
 Shock                    Conj/Air       16%        1d4       16%         1
 Dazzling Flash           Conj/Hex       8%         N/A       43%         3
 Swiftness                Air            2%         N/A       52%         3
 Volatile Blastmotes      Fire/Tloc      4%         2d10      52%         3
 Brom's Barrelling Bould  Conj/Erth      12%        2d4       56%         4
 Petrify                  Alch/Erth      10%        N/A       65%         4
 Airstrike                Air            1%         2d(1-17)  89%         4
 Plasma Beam              Fire/Air       1%         2x1d11    100%        6
 Starburst                Conj/Fire      2%         6d3       100%        6
 Maxwell's Capacitive Co  Air            1%         ∞         100%        8


Dungeon Overview and Level Annotations

Branches:
Dungeon (4/15)
 Temple: D:4-7

Altars:

Annotations:
D:4 Pikel


Innate Abilities, Weirdness & Mutations

You have extremely sharp teeth.
Your natural rate of healing is unusually fast.
When hurt, damage is shared between your health and your magic reserves.
Your bite disrupts and absorbs the magic of your enemies.
Potions cannot restore your health.


Message History

Aiming: Sandblast (safe; 3% risk of failure)
Press: ? - help, Shift-Dir - straight line, f - Pikel
Aim: Pikel, wielding a +0 whip of freezing and wearing a +0 robe (77% to hit)
The blast of sand hits Pikel.
Pikel is lightly wounded.
Pikel hits you with a +0 whip of freezing!
Pikel freezes you.
Casting: Sandblast (safe; 3% risk of failure)
Confirm with . or Enter, or press ? or * to list all spells.
Aiming: Sandblast (safe; 3% risk of failure)
Press: ? - help, Shift-Dir - straight line, f/p - Pikel
Aim: Pikel, wielding a +0 whip of freezing and wearing a +0 robe (77% to hit)
The blast of sand hits Pikel!
Pikel is lightly wounded.
Pikel barely misses you.
Pikel cracks his whip.
Pikel hits you but does no damage.
You hit Pikel but do no damage.
Pikel is lightly wounded.
You hit Pikel but do no damage. You bite Pikel. You drain his power.
You feel invigorated.
Pikel is moderately wounded.
Pikel hits you with a +0 whip of freezing.
Pikel freezes you.
Unknown command.
You aren't carrying any items that you can evoke.
Unknown command.
Okay, then.
Casting: Sandblast (safe; 3% risk of failure)
Confirm with . or Enter, or press ? or * to list all spells.
Aiming: Sandblast (safe; 3% risk of failure)
Press: ? - help, Shift-Dir - straight line, f/p - Pikel
Aim: Pikel, wielding a +0 whip of freezing and wearing a +0 robe (moderately wounded, 77% to hit)
The blast of sand hits Pikel.
Pikel is moderately wounded.
Pikel hits you with a +0 whip of freezing!
Pikel freezes you.
Pikel hits you with a +0 whip of freezing!
You die...
Pikel says, "See you in Hell!"

...............
...............
...............
#######.#######
##...##...##...##
#>.⌠....⌠....⌠.>#
#...##555##...##
### ##K## ###
##@## #...# #.⌠.#
#...# ##<## ###


You could see Pikel and 3 lemures.

Vanquished Creatures
  A lemure (D:4)
  A hound (D:4)
  3 gnolls (D:3)
  2 ribbon worms (D:2)
  5 dart slugs
  2 orcs
  4 ball pythons
  6 endoplasms
  2 giant cockroaches
  8 goblins
  5 hobgoblins
  4 jackals (D:1)
  6 kobolds
  2 quokkas
  6 bats
  3 frilled lizards
  4 rats
64 creatures vanquished.

Notes
Turn   | Place    | Note
-------+----------+-------------------------------------------
     0 | D:1      | zenocrate the Vine Stalker Earth Elementalist began the
                  | quest for the Orb.
     0 | D:1      | Reached XP level 1. HP: 9/9 MP: 4/4
   142 | D:1      | Reached skill level 3 in Stealth
   197 | D:1      | Reached XP level 2. HP: 11/13 MP: 3/6
   734 | D:1      | Reached skill level 1 in Short Blades
   809 | D:1      | Reached XP level 3. HP: 16/16 MP: 3/7
   975 | D:1      | Learned a level 3 spell: Stone Arrow
  1457 | D:2      | Reached skill level 4 in Stealth
  1542 | D:2      | Reached XP level 4. HP: 21/21 MP: 8/8
  2231 | D:3      | Found a faded altar of an unknown god.
  2626 | D:4      | Reached XP level 5. HP: 24/24 MP: 9/9
  2630 | D:4      | Noticed a lemure
  2642 | D:4      | Killed a lemure
  2680 | D:4      | Noticed Pikel
  2680 | D:4      | Noticed a lemure
  2681 | D:4      | Noticed a lemure
  2681 | D:4      | Noticed a lemure
  2695 | D:4      | Slain by Pikel

Illustrated notes

Levels and vault maps discovered:
D:1:      tarquinn_simple_flora_water_d, layout_basic
D:2:      layout_basic, minivault_25
D:3:      kennysheep_big_flooded_room, layout_basic, serial_glass,
          glass_columns_a, glass_columns_a, basic_ecumenical_altar,
          bh_walls_and_bars
D:4:      layout_gridville, grunt_temple_overflow_order_and_chaos_1,
          grunt_ministairs_5, chequers_avenue, minmay_tree_intersection,
          uniq_pikel, uniq_duvessa

Skill      XL: |  1  2  3  4 |
---------------+-------------+-----
Stealth        | 3 4 |  4.6
Short Blades   | 1 2 |  2.3
Dodging        | |  1.5
Spellcasting   | |  2.1
Conjurations   | |  1.0
Earth Magic    | |  3.9

Action                     |  1- 3 |  4- 6 || total
---------------------------+-------+-------++-------
  Melee: Short sword       |    39 |       ||    39
         Bite              |    17 |    10 ||    27
         Dagger            |    39 |    37 ||    76
   Cast: Sandblast         |    16 |    14 ||    30
    Use: Scroll            |       |     4 ||     4
   Stab: Sleeping          |     4 |     9 ||    13
         Distracted        |       |     1 ||     1
 Armour: Robe              |    29 |       ||    29
         Leather armour    |    26 |    24 ||    50
  Dodge: Dodged            |    55 |    20 ||    75

Table legend: (Time is in decaauts)
 A = Elapsed time spent in this place.
 B = Non-inter-level travel time spent in this place.
 C = Inter-level travel time spent in this place.
 D = Time resting spent in this place.
 E = Time spent auto-exploring this place.
 F = Levels seen in this place.
 G = Mean time per level.
                   A        B        C        D        E       F      G
               +--------+--------+--------+--------+--------+-----+--------+
         Total |   2701 |   2620 |     81 |      0 |   2115 |   4 |  675.2 |
       Dungeon |   2701 |   2620 |     81 |      0 |   2115 |   4 |  675.2 |
               +--------+--------+--------+--------+--------+-----+--------+

Top non-repeatable levels by time:
     D:1: 1101 daAuts
     D:3: 931 daAuts
     D:2: 593 daAuts
     D:4: 75 daAuts
